[ PARTIDA AOE2 · #505796992 ]
UnrankedSarracenos vs Burgundians
Equipo del jugador · VICT
Equipo rival · DERR
[ ANÁLISIS DE REPETICIÓN · EXTRAÍDO DE LA PARTIDA GRABADA ]
Feudal
15:18
Castillos
—
Imperial
—
| APM promedio | 51.6 |
| APM pico | 107 |
| eAPM promedio | 21.8 |
| Aldeanos / militares | 37 / 6 |
Foco
⚔️ 18.8% · 🌾 81.2%
Militia ×3 · Archer ×2 · Skirmisher ×1
Feudal
10:08
Castillos
—
Imperial
—
| APM promedio | 57.2 |
| APM pico | 122 |
| eAPM promedio | 33.0 |
| Aldeanos / militares | 38 / 11 |
Foco
⚔️ 63.7% · 🌾 36.3%
Archer ×11
Mapa de la partida
Recursos iniciales + cada clic de construcción. Líneas = muros · curvas = relieve. ◆ oro · ⬟ piedra · ● bayas · ✦ reliquia · ◌ hueco del cierre
Tu base· ✓ Cerrada en 17:02 · 69t muro · sin puerta
Base de [xCs]PLO_Style· Abierta — el rival se encerró
Terreno inicial suavizado · ◌ = hueco del cierre detectado · pasá el cursor para detalles
Inputs por minuto
— NaaVyii_ - - [xCs]PLO_Style
Build order — NaaVyii_
97 acciones detectadas en el replay
| 0:02 | Encolar | Villager (Male) |
| 0:03 | Construir | House |
| 0:05 | Construir | House |
| 0:05 | Encolar | Villager (Male) |
| 0:07 | Encolar | Villager (Male) |
| 0:08 | Encolar | Villager (Male) |
| 1:26 | Encolar | Villager (Male) |
| 1:26 | Encolar | Villager (Male) |
| 1:26 | Encolar | Villager (Male) |
| 2:00 | Encolar | Villager (Male) |
| 2:00 | Encolar | Villager (Male) |
| 2:19 | Encolar | Villager (Male) |
| 2:20 | Encolar | Villager (Male) |
| 2:20 | Encolar | Villager (Male) |
| 2:48 | Encolar | Villager (Male) |
| 2:48 | Encolar | Villager (Male) |
| 2:48 | Encolar | Villager (Male) |
| 2:50 | Construir | Lumber Camp |
| 3:01 | Encolar | Villager (Male) |
| 3:42 | Encolar | Villager (Male) |
| 4:11 | Encolar | Villager (Male) |
| 4:29 | Encolar | Villager (Male) |
| 4:32 | Construir | House |
| 4:47 | Encolar | Villager (Male) |
| 5:16 | Encolar | Villager (Male) |
| 5:36 | Encolar | Villager (Male) |
| 5:37 | Construir | House |
| 6:17 | Encolar | Villager (Male) |
| 6:25 | Construir | Barracks |
| 6:28 | Encolar | Villager (Male) |
| 6:48 | Encolar | Villager (Male) |
| 6:55 | Construir | House |
| 6:59 | Construir | Palisade Wall |
| 7:14 | Encolar | Villager (Male) |
| 7:19 | Encolar | Militia |
| 7:19 | Encolar | Militia |
| 7:19 | Encolar | Militia |
| 7:41 | Encolar | Villager (Male) |
| 7:47 | Construir | Palisade Wall |
| 8:07 | Encolar | Villager (Male) |
| 8:11 | Construir | House |
| 8:14 | Construir | Palisade Wall |
| 8:19 | Construir | Palisade Wall |
| 8:33 | Encolar | Villager (Male) |
| 9:23 | Encolar | Villager (Male) |
| 9:23 | Encolar | Villager (Male) |
| 9:26 | Construir | Mill |
| 9:56 | Construir | House |
| 9:58 | Construir | Palisade Wall |
| 10:02 | Encolar | Villager (Male) |
| 10:03 | Construir | Farm |
| 10:04 | Construir | Farm |
| 10:09 | Construir | Farm |
| 10:10 | Construir | Farm |
| 10:15 | Construir | House |
| 10:16 | Construir | Palisade Wall |
| 10:42 | Investigar | Loom |
| 10:42 | Investigar | Loom |
| 10:58 | Construir | Mining Camp |
| 11:09 | Construir | Palisade Wall |
| 11:12 | Construir | Palisade Wall |
| 11:22 | Encolar | Villager (Male) |
| 11:24 | Construir | Farm |
| 11:25 | Construir | Farm |
| 11:41 | Encolar | Villager (Male) |
| 12:08 | Construir | Farm |
| 12:09 | Construir | Farm |
| 13:01 | Construir | Farm |
| 13:08 | Investigar | Feudal Age |
| 13:08 | Investigar | Feudal Age |
| 13:08 | Investigar | Feudal Age |
| 13:56 | Construir | Palisade Wall |
| 13:58 | Construir | Palisade Wall |
| 15:10 | Construir | House |
| 15:18 | Edad | Edad Feudal |
| 15:20 | Encolar | Villager (Male) |
| 15:20 | Encolar | Villager (Male) |
| 15:26 | Construir | Market |
| 15:49 | Construir | Blacksmith |
| 15:50 | Construir | House |
| 15:58 | Encolar | Villager (Male) |
| 16:19 | Construir | Archery Range |
| 16:24 | Construir | House |
| 16:48 | Construir | House |
| 17:02 | Investigar | Castle Age |
| 17:03 | Encolar | Archer |
| 17:05 | Encolar | Archer |
| 17:11 | Investigar | Double-Bit Axe |
| 17:11 | Investigar | Double-Bit Axe |
| 17:11 | Investigar | Double-Bit Axe |
| 17:15 | Construir | Lumber Camp |
| 17:31 | Construir | Archery Range |
| 17:35 | Construir | House |
| 17:39 | Investigar | Fletching |
| 17:39 | Investigar | Fletching |
| 17:41 | Investigar | Padded Archer Armor |
| 17:44 | Encolar | Skirmisher |
Build order — [xCs]PLO_Style
95 acciones detectadas en el replay
| 0:00 | Encolar | Villager (Male) ×4 |
| 0:02 | Construir | House |
| 0:03 | Construir | House |
| 1:26 | Encolar | Villager (Male) |
| 1:26 | Encolar | Villager (Male) |
| 1:56 | Encolar | Villager (Male) |
| 1:57 | Encolar | Villager (Male) |
| 2:08 | Encolar | Villager (Male) |
| 2:21 | Construir | Lumber Camp |
| 2:55 | Encolar | Villager (Male) |
| 3:00 | Investigar | Double-Bit Axe |
| 3:15 | Encolar | Villager (Male) |
| 3:43 | Encolar | Villager (Male) |
| 3:48 | Construir | House |
| 4:10 | Encolar | Villager (Male) |
| 4:27 | Construir | House |
| 4:36 | Encolar | Villager (Male) |
| 4:36 | Encolar | Villager (Male) |
| 4:57 | Encolar | Villager (Male) |
| 5:23 | Construir | Mill |
| 5:28 | Encolar | Villager (Male) |
| 5:49 | Encolar | Villager (Male) |
| 6:09 | Encolar | Villager (Male) |
| 6:40 | Encolar | Villager (Male) |
| 6:47 | Investigar | Loom |
| 7:30 | Encolar | Villager (Male) |
| 7:55 | Investigar | Feudal Age |
| 7:55 | Investigar | Feudal Age |
| 8:23 | Construir | Barracks |
| 8:41 | Construir | Lumber Camp |
| 9:38 | Construir | Palisade Wall |
| 9:40 | Construir | Palisade Wall |
| 9:43 | Construir | Palisade Wall |
| 9:45 | Construir | Palisade Wall |
| 9:46 | Construir | Palisade Wall |
| 9:47 | Construir | Palisade Wall |
| 10:00 | Encolar | Villager (Male) |
| 10:08 | Edad | Edad Feudal |
| 10:27 | Encolar | Villager (Male) |
| 10:30 | Construir | Mill |
| 10:31 | Investigar | Bow Saw |
| 10:42 | Encolar | Villager (Male) |
| 11:05 | Construir | House |
| 11:10 | Construir | Archery Range |
| 11:25 | Investigar | Horse Collar |
| 11:26 | Encolar | Villager (Male) |
| 11:37 | Construir | Mining Camp |
| 11:46 | Encolar | Villager (Male) |
| 11:46 | Encolar | Villager (Male) |
| 12:09 | Construir | Archery Range |
| 12:10 | Encolar | Archer |
| 12:21 | Encolar | Villager (Male) |
| 12:22 | Construir | Farm |
| 12:29 | Construir | Farm |
| 12:30 | Construir | Farm |
| 12:33 | Construir | House |
| 12:39 | Encolar | Archer |
| 12:51 | Encolar | Villager (Male) |
| 12:54 | Construir | Farm |
| 13:06 | Construir | House |
| 13:08 | Encolar | Archer |
| 13:13 | Construir | Blacksmith |
| 13:14 | Construir | House |
| 13:25 | Encolar | Villager (Male) |
| 13:32 | Encolar | Archer |
| 13:47 | Encolar | Villager (Male) |
| 13:53 | Encolar | Archer |
| 13:53 | Encolar | Archer |
| 13:58 | Construir | Farm |
| 13:59 | Construir | Farm |
| 14:21 | Encolar | Villager (Male) |
| 14:31 | Construir | Farm |
| 14:32 | Construir | Farm |
| 14:53 | Encolar | Villager (Male) |
| 14:55 | Encolar | Archer |
| 14:55 | Encolar | Archer |
| 14:59 | Investigar | Fletching |
| 15:04 | Construir | Farm |
| 15:09 | Construir | Farm |
| 15:53 | Encolar | Villager (Male) |
| 16:13 | Encolar | Archer |
| 16:15 | Encolar | Villager (Male) |
| 16:17 | Construir | Farm |
| 16:29 | Construir | Farm |
| 16:33 | Construir | Farm |
| 16:48 | Encolar | Villager (Male) |
| 16:51 | Construir | Farm |
| 16:54 | Construir | Farm |
| 16:56 | Construir | Farm |
| 17:15 | Encolar | Villager (Male) |
| 17:16 | Encolar | Archer |
| 17:16 | Encolar | Archer |
| 17:21 | Investigar | Padded Archer Armor |
| 17:26 | Construir | House |
| 17:33 | Encolar | Villager (Male) |
Cronología de la partida
| 6:25 | NaaVyii_ · first_building Barracks |
| 6:59 | NaaVyii_ · wall_segment Palisade Wall x17 |
| 7:47 | NaaVyii_ · wall_segment Palisade Wall x9 |
| 8:14 | NaaVyii_ · wall_segment Palisade Wall x3 |
| 8:19 | NaaVyii_ · wall_segment Palisade Wall x11 |
| 8:23 | [xCs]PLO_Style · first_building Barracks |
| 9:38 | [xCs]PLO_Style · wall_segment Palisade Wall x1 |
| 9:40 | [xCs]PLO_Style · wall_segment Palisade Wall x1 |
| 9:43 | [xCs]PLO_Style · wall_segment Palisade Wall x1 |
| 9:45 | [xCs]PLO_Style · wall_segment Palisade Wall x1 |
| 9:46 | [xCs]PLO_Style · wall_segment Palisade Wall x1 |
| 9:47 | [xCs]PLO_Style · wall_segment Palisade Wall x1 |
| 9:58 | NaaVyii_ · wall_segment Palisade Wall x12 |
| 10:08 | [xCs]PLO_Style · age_up feudal |
| 10:16 | NaaVyii_ · wall_segment Palisade Wall x1 |
| 11:09 | NaaVyii_ · wall_segment Palisade Wall x2 |
| 11:10 | [xCs]PLO_Style · first_building Archery Range |
| 11:12 | NaaVyii_ · wall_segment Palisade Wall x17 |
| 13:56 | NaaVyii_ · wall_segment Palisade Wall x3 |
| 13:58 | NaaVyii_ · wall_segment Palisade Wall x2 |
| 15:18 | NaaVyii_ · age_up feudal |
| 16:19 | NaaVyii_ · first_building Archery Range |
| 16:41 | NaaVyii_ · first_market_buy 100 food |
| 17:46 | [xCs]PLO_Style · resign |
[ ANÁLISIS IA · 1 CRÉDITO ]
¿Qué pasó realmente en esta partida?
Wolo.gg analiza cada decisión: build order, eco, micro, errores típicos por bracket. Análisis personalizado por WhatsApp o Discord en 30 segundos.
Guía civ
Sarracenos
Perfil
Jugador #6452094